 Dungeon Crawl Stone Soup version 0.22-a0-880-gb7b0c8b (webtiles) character file.

241 Loudmushroom the Chopper (level 5, -11/47 HPs)
             Began as a Minotaur Berserker on July 30, 2018.
             Was a Believer of Trog.
             Killed from afar by Natasha (12 damage)
             ... with a magic dart
             ... on level 3 of the Dungeon.
             The game lasted 00:14:57 (2402 turns).

Loudmushroom the Chopper (Minotaur Berserker)       Turns: 2402, Time: 00:14:57

Health: -11/47     AC:  0    Str: 22    XL:     5   Next: 80%
Magic:  4/4        EV: 21    Int:  4    God:    Trog [**....]
Gold:   97         SH:  0    Dex: 15    Spells: 4/4 levels left

rFire    . . .     SeeInvis .   (weapon currently unavailable)
rCold    . . .     Gourm    .   (shield currently unavailable)
rNeg     . . .     Faith    .   (armour currently unavailable)
rPois    .         Spirit   .   (helmet currently unavailable)
rElec    .         Reflect  .   (cloak currently unavailable)
rCorr    .         Harm     .   (gloves currently unavailable)
MR       .....                  (boots currently unavailable)
Stlth    +.........             (no amulet)
HPRegen  0.15/turn              (ring currently unavailable)
MPRegen  0.09/turn              (ring currently unavailable)

@: bat-form, flying, slowed, quick
A: tiny, (retaliatory headbutt)
a: Berserk, Trog's Hand, Renounce Religion


You were on level 3 of the Dungeon.
You worshipped Trog.
Trog was pleased with you.
You were not hungry.
You were in bat-form.
You visited 1 branch of the dungeon, and saw 3 of its levels.

You collected 97 gold pieces.

Inventory:

Hand Weapons
 a - a +0 hand axe (melded)
Missiles
 g - 68 stones (quivered)
 i - 18 arrows
 l - 18 poisoned needles
 s - 23 bolts
Armour
 h - a +0 chain mail (melded)
 v - a +0 buckler (melded)
Jewellery
 b - an uncursed ring of resist corrosion {unknown}
Scrolls
 d - 2 scrolls of remove curse {unknown}
 e - 3 scrolls of amnesia {unknown}
 f - a scroll of fog {unknown}
 j - a scroll of fear {unknown}
 k - a scroll of identify {unknown}
 o - 2 scrolls of teleportation {unknown}
 p - a scroll of enchant armour {unknown}
 t - a scroll of blinking {unknown}
Potions
 m - 2 potions of mutation {unknown}
 n - a potion of resistance {unknown}
 q - a potion of curing {unknown}
 r - a potion of invisibility {unknown}
 u - a potion of lignification {unknown}
 w - a potion of might {unknown}
Comestibles
 c - 4 rations


   Skills:
 + Level 4.7 Fighting
 * Level 5.8 Axes
 + Level 3.9 Armour
 + Level 3.5 Dodging


You had 4 spell levels left.
You didn't know any spells.
Your spell library was empty.

Dungeon Overview and Level Annotations

Branches:
Dungeon (3/15)

Altars:
Ashenzari
Elyvilon
Kikubaaqudgha
Qazlal
The Shining One

Annotations:
D:3 Natasha


Innate Abilities, Weirdness & Mutations

((You reflexively headbutt those who attack you in melee.))
((You have a pair of horns on your head.))


Message History

You closely miss Natasha.
Natasha is lightly wounded.
Natasha closely misses you. The hobgoblin closely misses you.
You completely miss Natasha.
Natasha is lightly wounded.
Natasha casts a spell at you. You resist with some effort.
The hobgoblin barely misses you.
You hit Natasha.
Natasha is moderately wounded.
Natasha stares at you and mumbles some strange words.
The magic dart hits you!
* * * LOW HITPOINT WARNING * * *
The hobgoblin closely misses you.
You hit Natasha but do no damage.
Natasha is moderately wounded.
Natasha zaps a wand.
The hobgoblin hits you with a club.
* * * LOW HITPOINT WARNING * * *
Natasha stares at you and mumbles some strange words.
The magic dart hits you!
You die...

........
#####..##########
.....5.g...5g...#
#####..########.#
.####.........#.##
.................#
.####..######.#..#
.####..### #.#gh#
.........# #.#.b#
.####.##.####.#..#
....#.........#..#
....#.##.######..#
......##.# #..#
....####.# #..#
.#..#.##.# #..#
.#..#..#.# #..#
.#.......## #..#


You could see Natasha and a hobgoblin.

Vanquished Creatures
  Grinder (D:3)
  2 oozes
  A worm (D:2)
  A dart slug (D:1)
  2 leopard geckos
  A ball python (D:2)
  4 giant cockroaches
  4 goblins
  5 bats
  6 frilled lizards
  6 kobolds
  A rat (D:2)
34 creatures vanquished.

Notes
Turn   | Place    | Note
-------+----------+-------------------------------------------
     0 | D:1      | Loudmushroom the Minotaur Berserker began the quest for the Orb.
     0 | D:1      | Reached XP level 1. HP: 19/19 MP: 0/0
     2 | D:1      | Noticed a gargoyle
     2 | D:1      | Noticed a demigod
     4 | D:1      | Noticed an elf
     4 | D:1      | Noticed a vampire
     6 | D:1      | Noticed a human
     8 | D:1      | Noticed a dwarf
     8 | D:1      | Noticed a formicid
    10 | D:1      | Noticed a demonspawn
    10 | D:1      | Noticed a spriggan
    12 | D:1      | Noticed a tengu
    14 | D:1      | Noticed a felid
    16 | D:1      | Noticed a naga
    16 | D:1      | Noticed a ghoul
    18 | D:1      | Noticed a centaur
    20 | D:1      | Noticed an ogre
    20 | D:1      | Noticed a vine stalker
    22 | D:1      | Noticed a draconian
    22 | D:1      | Noticed a troll
    24 | D:1      | Noticed a merfolk
    24 | D:1      | Noticed an octopode
    26 | D:1      | Noticed a halfling
    26 | D:1      | Noticed a minotaur
   193 | D:1      | Reached XP level 2. HP: 19/27 MP: 1/1
   456 | D:1      | Reached skill level 4 in Axes
   967 | D:2      | Found a stormy altar of Qazlal.
   968 | D:2      | Found a shattered altar of Ashenzari.
   968 | D:2      | Found a glowing golden altar of the Shining One.
  1041 | D:2      | Reached XP level 3. HP: 23/33 MP: 2/2
  1224 | D:2      | Reached ** piety under Trog
  1944 | D:3      | Noticed Grinder
  1954 | D:3      | Paralysed by Grinder for 3 turns
  1956 | D:3      | HP: 1/33 [Grinder (3)]
  1960 | D:3      | Killed Grinder
  1960 | D:3      | Reached skill level 5 in Axes
  1960 | D:3      | Reached XP level 4. HP: 1/41 MP: 3/3
  1960 | D:3      | Reached XP level 5. HP: 2/47 MP: 4/4
  2277 | D:3      | Found an ancient bone altar of Kikubaaqudgha.
  2279 | D:3      | Found a white marble altar of Elyvilon.
  2362 | D:3      | Noticed Natasha
  2402 | D:3      | HP: 1/47 [hobgoblin/club (2)]
  2402 | D:3      | Killed from afar by Natasha

Vault maps used:
D:1:      kb_arrival_jail
D:2:      grunt_temple_overflow_open, minivault_26
D:3:      minitemple, first_ration, uniq_natasha, uniq_purgy, uniq_grinder

Skill      XL: |  1  2  3 |
---------------+----------+-----
Axes           | 4 5 |  5.8
Fighting       | 4 |  4.7
Armour         | 3 |  3.9
Dodging        | 3 |  3.5

Action                   |  1- 3 |  4- 6 || total
-------------------------+-------+-------++-------
Melee: Hand axe          |    91 |       ||    91
       Headbutt          |    14 |       ||    14
       Unarmed           |       |    11 ||    11
Invok: Trog's Hand       |     1 |       ||     1
  Eat: Chunk             |     2 |       ||     2
       Ration            |     1 |       ||     1
Armor: Chain mail        |    49 |       ||    49
       Animal skin       |     1 |       ||     1
Dodge: Dodged            |    34 |    15 ||    49

Table legend:
 A = Spawn XP
 B = Non-spawn XP
 C = Spawn XP percentage of total XP
 D = Spawn monster count
 E = Non-spawn monster count
 F = Spawn count percentage of total count
 G = Total turns spent on level
                    A         B        C        D         E        F      G
               +---------+---------+-------+---------+---------+-------+---------
         Total |       0 |     345 |   0.0 |       0 |      34 |   0.0 |  2402
               +---------+---------+-------+---------+---------+-------+---------
           D:1 |       0 |      33 |   0.0 |       0 |      16 |   0.0 |   965
           D:2 |       0 |      35 |   0.0 |       0 |      17 |   0.0 |   979
           D:3 |       0 |     277 |   0.0 |       0 |       1 |   0.0 |   458
               +---------+---------+-------+---------+---------+-------+---------
